 Dungeon Sprint DCSS version bcrawl-1.15.1-4-g77d781cab4 (webtiles) character file.

Game seed: 568326979030118824

13841 MordorOrchid the Devastator (level 12, -10/77 HPs)
             Began as a Fairy Fire Elementalist on Oct 7, 2019.
             Was an Initiate of Gozag.
             Killed from afar by Lom Lobon (31 damage)
             ... with a great icy blast
             ... in the Dungeon (Sprint I: "Red Sonja").
             The game lasted 00:25:41 (2777 turns).

MordorOrchid the Devastator (FrFE)                  Turns: 2777, Time: 00:25:42

Health: -10/77     AC: 11    Str:  6    XL:     12   Next: 10%
Magic:  33/33      EV: 27    Int: 35    God:    Gozag
Gold:   3708       SH: 13    Dex: 14    Spells: 16/41 levels left

rFire    . . .     SeeInvis .   m - +4 dagger "Morg" {pain, MR+ Int+12 *Curse} (curse)
rCold    . . .     Gourm    .   o - +0 buckler
rNeg     . . .     Faith    .   (armour unavailable)
rPois    .         Spirit   .   (no helmet)
rElec    .         Reflect  .   p - +0 cloak
rCorr    .         Harm     .   (no gloves)
MR       ++...     NoTele   +   (no boots)
Stlth    +.........             (no amulet)
HPRegen  0.22/turn              A - +3 ring of protection
MPRegen  0.23/turn              (no ring)

@: flying evasively
A: small, magic attunement, unstealthy, unfitting armour, able to fly, AC/SH +7
a: Stop Flying, Potion Petition, Call Merchant, Bribe Branch, Renounce Religion


You were in the Dungeon.
You worshipped Gozag.
Gozag was most pleased with you.
You were near starving.

You visited 1 branch You collected 6358 gold pieces.
You spent 2307 gold pieces at shops.
You paid 343 gold pieces to Gozag.

Inventory:

Hand Weapons
 f - a +1 blowgun
 j - a +1 dagger of electrocution
 k - a cursed -1 hunting sling
 m - the cursed +4 dagger "Morg" (weapon) {pain, MR+ Int+12 *Curse}
   (You found it in the Dungeon)

   In the hands of one skilled in necromantic magic, it inflicts extra damage on
   living creatures.
   It affects your intelligence (+12).
   It affects your resistance to hostile enchantments.
   It curses itself when equipped.
   It has a curse placed upon it.
 r - a +1 short sword of venom
Missiles
 b - 394 stones (quivered)
 l - 21 sling bullets
 s - 7 curare-tipped needles
Armour
 o - a +0 buckler (worn)
 p - a +0 cloak (worn)
Jewellery
 A - a +3 ring of protection (left hand)
Wands
 a - a wand of polymorph (6)
Scrolls
 i - a scroll of blinking
 n - 2 scrolls of fear
 q - a scroll of fog
 t - 3 scrolls of remove curse
 v - a scroll of immolation
Potions
 d - 6 potions of curing
 e - 2 potions of heal wounds
 g - 2 potions of magic
 h - a potion of berserk rage
 w - a potion of resistance
 z - a potion of degeneration {unknown}
Miscellaneous
 u - a lamp of fire
 x - a lightning rod (4/4)
 y - 2 boxes of beasts
Comestibles
 c - 4 rations {!d}


   Skills:
 - Level 5.0 Fighting
 * Level 14.7 Dodging
 - Level 3.3 Stealth
 - Level 4.0 Shields
 + Level 15.3 Spellcasting
 * Level 18.4 Conjurations
 * Level 4.2 Summonings
 + Level 16.5 Fire Magic
 - Level 4.0 Ice Magic
 * Level 4.2 Air Magic
 * Level 6.1 Evocations


You had 16 spell levels left.
You knew the following spells:

 Your Spells              Type           Power        Failure   Level  Hunger
a - Flame Tongue          Conj/Fire      #####        0%          1    None
c - Conjure Flame         Conj/Fire      #######.     0%          3    None
d - Inner Flame           Hex/Fire       N/A          1%          3    None
e - Sticky Flame          Conj/Fire      #######.     0%          4    None
f - Fireball              Conj/Fire      #######...   1%          5    None
j - Summon Lightning Spi  Summ/Air       ######..     8%          5    None
s - Summon Ice Beast      Ice/Summ       ######..     3%          4    None

Your spell library contained the following spells:

 Spells                   Type           Power        Failure   Level  Hunger
 Summon Small Mammal      Summ           ####         1%          1    None
 Call Imp                 Summ           ######..     1%          2    None
 Flaming Arrows           Chrm/Fire      ######..     1%          2    None
 Call Canine Familiar     Summ           ######..     1%          3    None


Dungeon Overview and Level Annotations

Branches:
Dungeon (1/1)

Altars:
Cheibriados
Dithmenos
Elyvilon
Fedhas
Gozag
Hepliaklqana
Kikubaaqudgha
Lugonu
Makhleb
Nemelex Xobeh
Okawaru
Qazlal
Ru
Sif Muna
Trog
Uskayaw
Vehumet
Wu Jian
Xom
Yredelemnul
Zin
The Shining One
Jiyva

Shops:
D ?[(}?[%}}%:%(??*[?

Annotations:
D Lernaean hydra, Lom Lobon


Innate Abilities, Weirdness & Mutations

Your spells do not cause hunger and MP costs are reduced by 1.
Your bright wings attract enemies. (Stealth-)
You cannot fit into any form of body armour.
Your shimmering scales are hard and can block incoming attacks. (AC +7, SH +7)
You are small and have problems with some larger weapons.
You can fly continuously.


Message History

You reach down and close the door.
There is an open door here.
You reach down and close the door.
Something unseen opens the door.
Lom Lobon blinks!
Lom Lobon gestures at you.
Lom Lobon conjures a mighty blast of ice!
The great icy blast engulfs you!
Ouch! That really hurt!
* * * LOW HITPOINT WARNING * * *
You are encased in ice.
Lom Lobon blinks!
Unknown command.
Lom Lobon blinks!
The ice encasing you melts away. Lom Lobon gestures at you.
Lom Lobon conjures a mighty blast of ice!
The great icy blast engulfs you!
You die...
Your body crumbles into a pile of gold.

#.#'#.#........+§#
#.....#++.######§#
#.(...#§○§§☼§§§#.#
#######○§§§§§§#'§#
#.)(§§☼○☼&§.≈####
#.).§§☼☼○§§§§#
##..§§○§§§§§##
###§§☼§§§### $
###@######'###


$$$$$ #∩∩########∩∩# ##∩∩∩∩∩∩∩∩∩∩## ############ You could see Lom Lobon.

Vanquished Creatures
  A deep elf annihilator (D)
  A mummy priest (D)
  A hydra (D)
  2 centaur warriors (D)
  Sonja (D)
  2 unseen horrors (D)
  A deep troll (D)
  2 oklob plants (D)
  2 merfolk sirens (D)
  A gargoyle (D)
  2 kobold demonologists (D)
  A demonic crawler (D)
  A hellwing (D)
  A slime creature (D)
  5 hornets (D)
  Sigmund (D)
  2 redbacks (D)
  A yak (D)
  13 hogs (D)
  3 floating eyes (D)
  An ogre (D)
  7 necrophages (D)
  8 jellies (D)
  Ijyb (D)
  2 ballistomycetes (D)
  A ballistomycete spore (D)
64 creatures vanquished.

Vanquished Creatures (collateral kills)
  A lindwurm (D)
  3 demonic crawlers (D)
4 creatures vanquished.

Vanquished Creatures (others)
  A gargoyle (D)
  A ballistomycete spore (D)
2 creatures vanquished.

Grand Total: 70 creatures vanquished

Notes
Turn   | Place    | Note
-------+----------+-------------------------------------------
     0 | D        | MordorOrchid the Fairy Fire Elementalist began the quest
                  | for the Orb.
     0 | D        | Reached XP level 1. HP: 11/11 MP: 6/6
     3 | D        | Noticed Ijyb
    13 | D        | Killed Ijyb
    13 | D        | Reached skill level 1 in Fighting
    13 | D        | Reached skill level 2 in Conjurations
    13 | D        | Reached skill level 5 in Fire Magic
    13 | D        | Reached XP level 2. HP: 18/18 MP: 8/8
    13 | D        | Reached XP level 3. HP: 23/23 MP: 9/9
    21 | D        | Learned a level 3 spell: Conjure Flame
    25 | D        | Learned a level 3 spell: Inner Flame
    26 | D        | Noticed an ogre
    33 | D        | Killed an ogre
    33 | D        | Reached skill level 5 in Dodging
    33 | D        | Reached skill level 4 in Conjurations
    33 | D        | Reached XP level 4. HP: 30/30 MP: 7/12
    67 | D        | Noticed Sigmund
    75 | D        | Killed Sigmund
    75 | D        | Reached skill level 6 in Conjurations
    75 | D        | Reached XP level 5. HP: 26/36 MP: 10/15
    75 | D        | Reached XP level 6. HP: 30/41 MP: 11/17
    92 | D        | Found an ornate altar of the Wu Jian Council.
    92 | D        | Found a shimmering blue altar of Sif Muna.
    95 | D        | Found a radiant altar of Vehumet.
   129 | D        | Learned a level 4 spell: Sticky Flame
   135 | D        | Learned a level 5 spell: Fireball
   155 | D        | Found Fihicw's Armour Emporium.
   155 | D        | Found an ancient bone altar of Kikubaaqudgha.
   155 | D        | Found a hazy altar of Hepliaklqana.
   155 | D        | Found a stormy altar of Qazlal.
   155 | D        | Found a hide-covered altar of Uskayaw.
   155 | D        | Found a blossoming altar of Fedhas.
   155 | D        | Found a bloodstained altar of Trog.
   155 | D        | Found an iron altar of Okawaru.
   155 | D        | Found a basalt altar of Yredelemnul.
   155 | D        | Found a glowing golden altar of the Shining One.
   155 | D        | Found a snail-covered altar of Cheibriados.
   155 | D        | Found a sacrificial altar of Ru.
   155 | D        | Found a glowing silver altar of Zin.
   155 | D        | Found a shadowy altar of Dithmenos.
   155 | D        | Found a white marble altar of Elyvilon.
   155 | D        | Noticed a yak
   159 | D        | Killed a yak
   159 | D        | Reached skill level 7 in Conjurations
   159 | D        | Reached skill level 10 in Fire Magic
   159 | D        | Reached XP level 7. HP: 45/45 MP: 13/20
   162 | D        | Found an opulent altar of Gozag.
   163 | D        | Found a sparkling altar of Nemelex Xobeh.
   167 | D        | Became a worshipper of Gozag Ym Sagoz the Greedy
   197 | D        | Noticed a centaur warrior
   201 | D        | Found a viscous altar of Jiyva.
   201 | D        | Found a corrupted altar of Lugonu.
   201 | D        | Noticed a slime creature
   204 | D        | Found a burning altar of Makhleb.
   204 | D        | Found a shimmering altar of Xom.
   207 | D        | Killed a slime creature
   207 | D        | Reached skill level 8 in Conjurations
   274 | D        | Bought a +0 buckler for 63 gold pieces
   274 | D        | Bought a +0 cloak for 63 gold pieces
   297 | D        | Noticed Sonja
   300 | D        | Killed Sonja
   300 | D        | Reached skill level 10 in Conjurations
   300 | D        | Reached XP level 8. HP: 51/51 MP: 9/23
   400 | D        | Found Oqonitadwe's Magic Scroll Boutique.
   408 | D        | Bought a scroll of identify for 28 gold pieces
   408 | D        | Bought a scroll of immolation for 49 gold pieces
   408 | D        | Bought a scroll of identify for 28 gold pieces
   408 | D        | Bought a scroll of identify for 28 gold pieces
   408 | D        | Bought a scroll of identify for 28 gold pieces
   602 | D        | Noticed a deep troll
   607 | D        | Killed a deep troll
   607 | D        | Reached skill level 10 in Dodging
   607 | D        | Reached skill level 10 in Spellcasting
   607 | D        | Reached skill level 11 in Conjurations
   607 | D        | Reached XP level 9. HP: 27/55 MP: 19/25
   756 | D        | Found Beimahav's Armour Emporium.
   768 | D        | Noticed a centaur warrior
   772 | D        | Killed a centaur warrior
   772 | D        | Reached skill level 12 in Conjurations
   772 | D        | Killed a hornet
   774 | D        | Killed a centaur warrior
   774 | D        | Reached skill level 13 in Conjurations
   921 | D        | Noticed an oklob plant
   927 | D        | Killed an oklob plant
   927 | D        | Reached XP level 10. HP: 65/65 MP: 14/28
   987 | D        | Reached skill level 5 in Fighting
   992 | D        | Reached skill level 14 in Conjurations
  1022 | D        | Noticed an unseen horror
  1024 | D        | Killed an unseen horror
  1024 | D        | Reached skill level 5 in Evocations
  1037 | D        | Noticed an unseen horror
  1040 | D        | Killed an unseen horror
  1265 | D        | Reached skill level 15 in Conjurations
  1287 | D        | Found the cursed +4 dagger "Morg" {pain, MR+ Int+12 *Curse}
  1318 | D        | Found Faluox's Gadget Shoppe.
  1318 | D        | Found Rael's Weapon Shop.
  1318 | D        | Found Hurol's Magic Scroll Boutique.
  1320 | D        | Found Gyrumei's Armour Emporium.
  1320 | D        | Found Liyweane's Food Shop.
  1320 | D        | Found Kajasikope's Gadget Shoppe.
  1320 | D        | Found Zafaok's Gadget Boutique.
  1320 | D        | Found Edual's Food Emporium.
  1320 | D        | Found Duahi's Food Shop.
  1320 | D        | Found Akuozil's Weapon Shoppe.
  1323 | D        | Bought a scroll of fog for 24 gold pieces
  1323 | D        | Found Garrahiq's Magic Scroll Boutique.
  1324 | D        | Found Ossoruha's Assorted Antiques.
  1324 | D        | Found Afebbof's Magic Scroll Boutique.
  1325 | D        | Found Sawk's Magic Scroll Emporium.
  1331 | D        | Bought a scroll of fear for 38 gold pieces
  1332 | D        | Bought a potion of curing for 51 gold pieces
  1332 | D        | Bought a murky silvery potion for 15 gold pieces
  1332 | D        | Bought a scroll labeled BEYFYGRUTT for 17 gold pieces
  1332 | D        | Bought a potion of heal wounds for 85 gold pieces
  1334 | D        | Bought a scroll of identify for 20 gold pieces
  1334 | D        | Bought a scroll of remove curse for 30 gold pieces
  1343 | D        | Bought a book of Callings for 360 gold pieces
  1349 | D        | Learned a level 5 spell: Summon Lightning Spire
  1354 | D        | Learned a level 4 spell: Summon Ice Beast
  1360 | D        | Bought a lamp of fire for 400 gold pieces
  1360 | D        | Bought a lightning rod (4/4) for 400 gold pieces
  1360 | D        | Bought a box of beasts for 200 gold pieces
  1360 | D        | Bought a box of beasts for 200 gold pieces
  1363 | D        | Bought a ration for 60 gold pieces
  1363 | D        | Bought a ration for 60 gold pieces
  1363 | D        | Bought a ration for 60 gold pieces
  1411 | D        | Noticed a kobold demonologist
  1413 | D        | Killed a kobold demonologist
  1413 | D        | Reached skill level 1 in Summonings
  1413 | D        | Reached skill level 1 in Ice Magic
  1413 | D        | Reached skill level 1 in Air Magic
  1413 | D        | Noticed a kobold demonologist
  1414 | D        | Killed a kobold demonologist
  1483 | D        | Reached XP level 11. HP: 39/71 MP: 28/30
  1488 | D        | Reached skill level 16 in Conjurations
  1488 | D        | Reached skill level 15 in Fire Magic
  1624 | D        | Noticed a lindwurm
  1633 | D        | Killed a lindwurm
  1928 | D        | Noticed a 12-headed hydra
  1933 | D        | Killed a 12-headed hydra
  1933 | D        | Reached skill level 17 in Conjurations
  2167 | D        | Noticed a deep elf annihilator
  2173 | D        | Killed a deep elf annihilator
  2255 | D        | Reached skill level 15 in Spellcasting
  2255 | D        | Reached skill level 18 in Conjurations
  2263 | D        | Noticed a mummy priest
  2464 | D        | Killed a mummy priest
  2464 | D        | Reached XP level 12. HP: 56/77 MP: 24/33
  2464 | D        | Noticed a soul eater
  2644 | D        | Noticed the 27-headed Lernaean hydra
  2692 | D        | Noticed Lom Lobon
  2777 | D        | Killed from afar by Lom Lobon

Skill      XL: |  1  2  3  4  5  6  7  8  9 10 11 |
---------------+----------------------------------+-----
Fighting       | 1 2 4 5 |  5.0
Dodging        | 4 5 7 8 9 10 11 12 14 | 14.7
Stealth        | 2 3 |  3.3
Spellcasting   | 3 4 6 7 9 10 12 13 15 | 15.3
Conjurations   | 2 4 6 7 10 11 13 15 18 | 18.4
Fire Magic     | 5 6 9 10 12 13 14 16 | 16.5
Shields        | 4 |  4.0
Evocations     | 4 6 |  6.1
Summonings     | 1 4 |  4.2
Ice Magic      | 2 4 |  4.0
Air Magic      | 2 4 |  4.2

Action                   |  1- 3 |  4- 6 |  7- 9 | 10-12 || total
-------------------------+-------+-------+-------+-------++-------
Melee: Dagger            |       |       |       |     8 ||     8
       Unarmed           |       |       |       |     1 ||     1
 Cast: Flame Tongue      |    11 |    13 |     5 |    96 ||   125
       Conjure Flame     |     1 |     3 |     2 |     8 ||    14
       Sticky Flame      |       |     1 |     2 |    10 ||    13
       Fireball          |       |       |    15 |    32 ||    47
       Inner Flame       |       |       |       |     1 ||     1
       Summon Lightning  |       |       |       |     1 ||     1
Invok: Call Merchant     |       |       |       |     1 ||     1
Evoke: Lightning rod     |       |       |       |     4 ||     4
       Box of beasts     |       |       |       |     3 ||     3
       Lamp of fire      |       |       |       |     1 ||     1
       Wand              |       |       |       |     1 ||     1
  Use: Potion            |       |       |     1 |       ||     1
       Scroll            |       |       |     3 |     3 ||     6
 Stab: Distracted        |       |       |       |     2 ||     2
  Eat: Ration            |       |       |       |     1 ||     1
Armor: Skin              |     1 |       |     1 |     9 ||    11
Dodge: Dodged            |     6 |     4 |    10 |    56 ||    76
Block: Other             |     1 |       |       |       ||     1
       Buckler           |       |       |     4 |    42 ||    46
